 Dungeon Crawl Stone Soup version 0.16.2-12-gd0ad4c3 (webtiles) character file.

154 gorblad the Firebug (level 5, -3/28 HPs)
             Began as a Tengu Fire Elementalist on Sept 14, 2015.
             Was an Initiate of Yredelemnul.
             Slain by a gnoll
             ... wielding a +0 club
              (10 damage)
             ... on level 2 of the Dungeon.
             The game lasted 00:12:34 (2901 turns).

gorblad the Firebug (Tengu Fire Elementalist)       Turns: 2901, Time: 00:12:35

Health: -3/28      AC:  6    Str:  9    XL:     5   Next: 35%
Magic:  1/12       EV: 13    Int: 16    God:    Yredelemnul [......]
Gold:   78         SH:  0    Dex: 14    Spells: 3 memorised, 3 levels left

rFire  x . .     SeeInvis .     p - +0 dagger
rCold  + . .     Clarity  .     a - +0 robe
rNeg   . . .     SustAb   .     (no shield)
rPois  .         Gourm    .     (helmet restricted)
rElec  .         Spirit   .     d - +0 cloak
rCorr  .         Warding  .     (no gloves)
rMut   .         Stasis   .     (boots unavailable)
MR     .....                    (no amulet)
Stlth  ++........               (no ring)
                                f - ring of ice

@: lethally poisoned (-3 -> -7), very slightly contaminated, not resistant to
hostile enchantments, unstealthy
A: able to fly, beak, talons 3, rugged brown scales 1, slimy green scales 1,
deterioration 1
a: Fly, Renounce Religion


You were on level 2 of the Dungeon.
You worshipped Yredelemnul.
Yredelemnul was noncommittal.
You were hungry.

You visited 1 branch of the dungeon, and saw 3 of its levels.

You collected 78 gold pieces.

Inventory:

Hand weapons
 p - a +0 dagger (weapon)
Armour
 a - a +0 robe (worn)
 d - a +0 cloak (worn)
Jewellery
 f - a ring of ice (left hand)
Scrolls
 g - 2 scrolls of random uselessness
 k - a scroll of magic mapping
 l - 3 scrolls of teleportation
Potions
 e - 2 potions of agility
Books
 b - a book of Flames

   Spells                             Type                      Level
   a - Flame Tongue                   Conjuration/Fire             1
   b - Throw Flame                    Conjuration/Fire             2
   c - Conjure Flame                  Conjuration/Fire             3
   d - Inner Flame                    Hexes/Fire                   3
   e - Sticky Flame                   Conjuration/Fire             4
   f - Fireball                       Conjuration/Fire             5
Comestibles
 c - 3 bread rations
 o - a slice of pizza


   Skills:
 + Level 0.6 Fighting
 + Level 0.2 Short Blades
 + Level 3.6 Dodging
 + Level 2.1 Stealth
 + Level 2.8 Spellcasting
 + Level 2.4 Conjurations
 + Level 4.4 Fire Magic


You had 3 spell levels left.
You knew the following spells:

 Your Spells              Type           Power        Failure   Level  Hunger
a - Flame Tongue          Conj/Fire      #....        6%          1    #......
b - Throw Flame           Conj/Fire      #.....       10%         2    ##.....
c - Conjure Flame         Conj/Fire      #.......     14%         3    ###....


Dungeon Overview and Level Annotations

Branches:
Dungeon (3/15)

Altars:
Kikubaaqudgha
Yredelemnul


Innate Abilities, Weirdness & Mutations

You can fly.
You have a beak for a mouth.
You have claws for feet.
You are partially covered in rugged brown scales (AC +1, +3% HP).
You are partially covered in slimy green scales (AC +2).
Your body is slowly deteriorating.


Message History

You feel sick. The gnoll misses you.
You hit the gnoll but do no damage. Your kick misses the gnoll.
You peck the gnoll.
The gnoll is heavily wounded.
The gnoll completely misses you.
You completely miss the gnoll.
The gnoll is heavily wounded.
You feel sick.
You barely miss the gnoll.
The gnoll is heavily wounded.
The gnoll hits you with a club.
* * * LOW HITPOINT WARNING * * *
You are too injured to fight recklessly!
You are too injured to fight recklessly!
You are too injured to fight recklessly!
You hit the gnoll. Your kick misses the gnoll.
The gnoll is severely wounded.
The gnoll hits you with a club!
You die...
Your body rises from the dead as a mindless zombie.

.# #.....#
#..######.........
.###########.# #..#
##.######..
.............# #..#
#..........
....##########
#..#####..######..
....# #........^#
#.. ....#
##.#####.<# #.#
...## #.#
#..######.# ...#
##<## #.......#.#
...#
##@..####.........#
#.##
#.g)...............
#.#
##...####)#####.###
#.# ##.## #..# #.#
#.# ### ##.# #.#
#.# #># #.# #.#
###.####.# #.#
#.....##.# #.#
#.....##.#


You could see a gnoll.

Vanquished Creatures
  A vampire bat (D:2)
  Robin (D:2)
  A gnoll (D:2)
  4 adders
  2 worms
  An ooze (D:1)
  2 orcs
  A bat (D:1)
  A bat skeleton (D:2)
  4 bat zombies (D:2)
  4 giant cockroaches
  4 hobgoblins
  2 kobolds
  A ball python (D:1)
  A giant gecko (D:1)
  2 giant newts
  12 goblins
  2 rats (D:1)
46 creatures vanquished.

Notes
Turn   | Place    | Note
--------------------------------------------------------------
     0 | D:1      | gorblad, the Tengu Fire Elementalist, began the quest for the Orb.
     0 | D:1      | Reached XP level 1. HP: 10/10 MP: 3/3
   225 | D:1      | Reached XP level 2. HP: 15/15 MP: 3/5
   684 | D:2      | Reached skill level 4 in Fire Magic
   684 | D:2      | Reached XP level 3. HP: 13/19 MP: 0/7
  1018 | D:2      | Found a basalt altar of Yredelemnul.
  1031 | D:2      | Became a worshipper of Yredelemnul the Dark
  1350 | D:2      | Noticed Robin
  1362 | D:2      | Reached XP level 4. HP: 17/24 MP: 1/9
  1623 | D:2      | Learned a level 2 spell: Throw Flame
  1627 | D:2      | Learned a level 3 spell: Conjure Flame
  1729 | D:2      | Found an ancient bone altar of Kikubaaqudgha.
  1729 | D:2      | Noticed a vampire bat
  1729 | D:2      | Noticed a vampire bat
  1763 | D:2      | Gained mutation: Your body is slowly deteriorating. [potion of mutation]
  1763 | D:2      | Gained mutation: You are partially covered in slimy green scales (AC +2). [potion of mutation]
  1763 | D:2      | Gained mutation: You are partially covered in rugged brown scales (AC +1, +3% HP). [potion of mutation]
  1778 | D:2      | Killed a vampire bat
  1810 | D:2      | Killed Robin
  1810 | D:2      | Reached XP level 5. HP: 9/28 MP: 1/11
  2473 | D:3      | HP: 1/28 [poisoned by a kobold]
  2901 | D:2      | Slain by a gnoll

Action                   |  1- 3 |  4- 6 || total
-------------------------+-------+-------++-------
Melee: Unarmed           |    13 |    18 ||    31
       Dagger            |       |    56 ||    56
 Cast: Flame Tongue      |    42 |    30 ||    72
       Throw Flame       |       |    20 ||    20
       Conjure Flame     |       |     6 ||     6
  Use: Scroll            |       |     6 ||     6
       Potion            |       |     5 ||     5
  Eat: Chunk             |     2 |     2 ||     4
       Bread ration      |       |     1 ||     1
